 Dungeon Crawl Stone Soup version 0.23.1 (webtiles) character file.

Game seed: 17917536172416269016

221741 Peloso the Hoplite (level 18, 0/173 HPs)
             Began as a Minotaur Fighter on Mar 3, 2019.
             Was the Champion of Okawaru.
             Slain by a naga warrior
             ... wielding a +0 trident
              (16 damage)
             ... on level 3 of the Snake Pit.
             The game lasted 02:17:40 (45059 turns).

Peloso the Hoplite (Minotaur Fighter)              Turns: 45059, Time: 02:17:40

Health: 0/173      AC: 31    Str: 32    XL:     18   Next: 51%
Magic:  18/19      EV: 11    Int:  5    God:    Okawaru [******]
Gold:   933        SH: 20    Dex: 15    Spells: 17/17 levels left

rFire    + . .     SeeInvis +   b - +7 scimitar "Arbiter" {flame, rC- Str+3}
rCold    + . .     Gourm    .   c - +0 shield
rNeg     . . .     Faith    +   s - +1 gold dragon scales
rPois    +         Spirit   .   n - +2 hat {SInv}
rElec    .         Reflect  .   S - scarf {cloud immunity}
rCorr    .         Harm     .   F - +1 pair of gloves {archery}
MR       +....                  E - +0 pair of boots {Fly}
Stlth    ..........             e - amulet of Zegeeh {Faith rPois rC+}
HPRegen  0.38/turn              Z - +3 ring of strength
MPRegen  0.16/turn              w - +2 ring of dexterity

@: heroism, flying, constricted
A: retaliatory headbutt, horns 2
}: 1/15 runes: barnacled
a: Heroism, Finesse, Renounce Religion, Stop Flying


You were on level 3 of the Snake Pit.
You worshipped Okawaru.
Okawaru was exalted by your worship.
You were not hungry.

You visited 6 branches of the dungeon, and saw 32 of its levels.
You also visited: Sewer, Gauntlet and Ice Cave.

You collected 3754 gold pieces.
You spent 2821 gold pieces at shops.

Inventory:

Hand Weapons
 a - a +2 double sword of draining
 b - the +7 scimitar "Arbiter" (weapon) {flame, rC- Str+3}
   (You found it in a Gauntlet)

   It has been specially enchanted to burn those struck by it, causing extra
   injury to most foes and up to half again as much damage against particularly
   susceptible opponents.
   Big, fiery blades are also staple armaments of hydra-hunters.
   It affects your strength (+3).
   It makes you vulnerable to cold.
 I - the +5 scimitar of Cocytus {slice, *Rage Str+6 Int+4 Stlth-}
   (You bought it in a shop on level 4 of the Dungeon)

   It inflicts extra damage upon your enemies.
   It affects your strength (+6).
   It affects your intelligence (+4).
   It may make you go berserk in combat.
   It makes you less stealthy.
Armour
 c - a +0 shield (worn)
 m - the +6 plate armour of Boggasm {*Drain rF+ Int+4}
   (You bought it in a shop on level 8 of the Dungeon)

   It affects your intelligence (+4).
   It protects you from fire.
   It causes draining when unequipped.
 n - a +2 hat of see invisible (worn)
 s - +1 gold dragon scales (worn)
 E - a +0 pair of boots of flying (worn)
 F - a +1 pair of gloves of archery (worn)
 H - a +2 pair of boots of running
 S - a scarf of cloud immunity (worn)
 Y - a +2 pair of boots of stealth
Jewellery
 e - the amulet of Zegeeh (around neck) {Faith rPois rC+}
   (You bought it in a shop on level 2 of the Orcish Mines)

   [amulet of faith]

   It allows you to gain divine favour quickly.
   It protects you from cold.
   It protects you from poison.
 w - a +2 ring of dexterity (right hand)
 B - an uncursed ring of fire
 J - an uncursed ring of see invisible
 L - a +3 amulet of reflection
 O - the amulet of Vitality {Regen+ HP+15}
   (You found it on level 12 of the Dungeon)

   [amulet of regeneration]

   It affects your health (+15).
   It increases your rate of regeneration.
 Q - an uncursed amulet of faith
 U - an uncursed ring of ice
 Z - a +3 ring of strength (left hand)
Wands
 k - a wand of random effects (11)
 u - a wand of scattershot (7)
 v - a wand of digging (3)
 y - a wand of acid (22)
 A - a wand of iceblast (20)
 D - a wand of polymorph (9)
Scrolls
 d - 5 scrolls of blinking
 g - 11 scrolls of magic mapping
 h - 12 scrolls of identify
 i - 12 scrolls of remove curse
 l - 3 scrolls of amnesia
 q - 12 scrolls of teleportation
 r - 3 scrolls of noise
 G - a scroll of brand weapon
Potions
 o - 3 potions of invisibility
 p - a potion of haste
 t - 9 potions of curing
 x - a potion of ambrosia
 z - 4 potions of might
 C - 2 potions of resistance
 K - a potion of agility
 M - 2 potions of brilliance
 N - a potion of mutation
 P - 2 potions of magic
Miscellaneous
 T - a sack of spiders
 V - a phantom mirror
Comestibles
 f - 51 rations


   Skills:
 + Level 18.3(23.3) Fighting
 + Level 19.0(24.0) Long Blades
 + Level 16.5(21.5) Armour
 + Level 7.2(12.2) Dodging
 + Level 4.5(9.5) Stealth
 + Level 21.2(26.2) Shields
 + Level 2.9 Invocations
 + Level 1.9 Evocations


You had 17 spell levels left.
You didn't know any spells.
Your spell library contained the following spells:

 Spells                   Type           Power        Failure   Level  Hunger
 Animate Skeleton         Necr           N/A          99%         1    ##.....
 Apportation              Tloc           #.....       99%         1    ##.....
 Beastly Appendage        Tmut           #.....       99%         1    ##.....
 Confusing Touch          Hex            #.....       99%         1    ##.....
 Corona                   Hex            #......      99%         1    ##.....
 Flame Tongue             Conj/Fire      #....        99%         1    ##.....
 Magic Dart               Conj           #...         99%         1    ##.....
 Summon Butterflies       Summ           #.......     99%         1    ##.....
 Summon Small Mammal      Summ           #...         99%         1    ##.....
 Blink                    Tloc           N/A          99%         2    ###....
 Call Imp                 Summ           #.......     99%         2    ###....
 Corpse Rot               Necr           N/A          99%         2    ###....
 Ensorcelled Hibernation  Hex/Ice        #.....       99%         2    ###....
 Slow                     Hex            #.......     99%         2    ###....
 Sticks to Snakes         Tmut           #.......     99%         2    ###....
 Sublimation of Blood     Necr           #.........   99%         2    ###....
 Confuse                  Hex            #.......     100%        3    ####...
 Conjure Flame            Conj/Fire      #.......     100%        3    ####...
 Dazzling Spray           Conj/Hex       #.....       100%        3    ####...
 Lesser Beckoning         Tloc           #.........   100%        3    ####...
 Mephitic Cloud           Conj/Pois/Air  #.......     100%        3    ####...
 Spider Form              Tmut/Pois      #.........   100%        3    ####...
 Stone Arrow              Conj/Erth      #.....       100%        3    ####...
 Tukima's Dance           Hex            #.......     100%        3    ####...
 Cause Fear               Hex            #.........   100%        4    #####..
 Ice Form                 Ice/Tmut       #.......     100%        4    #####..
 Leda's Liquefaction      Hex/Erth       #.........   100%        4    #####..
 Agony                    Necr           #.......     100%        5    ######.
 Alistair's Intoxication  Tmut/Pois      #.......     100%        5    ######.
 Blade Hands              Tmut           #.........   100%        5    ######.
 Bolt of Draining         Conj/Necr      #.........   100%        5    ######.
 Borgnjor's Vile Clutch   Necr/Erth      #.........   100%        5    ######.
 Dispel Undead            Necr           #.......     100%        5    ######.
 Excruciating Wounds      Chrm/Necr      #.........   100%        5    ######.
 Irradiate                Conj/Tmut      #.........   100%        5    ######.
 Silence                  Hex/Air        #.........   100%        5    ######.
 Summon Forest            Summ/Tloc      #.........   100%        5    ######.
 Bolt of Fire             Conj/Fire      #.........   100%        6    #######
 Darkness                 Hex            #.........   100%        6    #######
 Death Channel            Necr           #.........   100%        6    #######
 Hydra Form               Tmut           #.........   100%        6    #######
 Invisibility             Hex            #.......     100%        6    #######
 Shadow Creatures         Summ           N/A          100%        6    #######
 Statue Form              Tmut/Erth      #........    100%        6    #######
 Dragon Form              Tmut           #.........   100%        7    #######
 Summon Hydra             Summ           #.........   100%        7    #######
 Dragon's Call            Summ           #.........   100%        9    #######


Dungeon Overview and Level Annotations

Branches:
Dungeon (15/15)            Temple (1/1) D:4            Lair (6/6) D:11
 Shoals (4/4) Lair:4        Snake (4/4) Lair:2        Slime (0/5) Lair:5
    Orc (2/2) D:9             Elf (0/3) Orc:2        Vaults (0/5) D:13
 Depths (0/5) D:15

Altars:
Ashenzari
Cheibriados
Dithmenos
Fedhas
Gozag
Hepliaklqana
Kikubaaqudgha
Makhleb
Nemelex Xobeh
Okawaru
Qazlal
Ru
Sif Muna
Trog
Uskayaw
Vehumet
Wu Jian
Xom
Yredelemnul
Zin
The Shining One
Beogh
Jiyva

Shops:
D:4 *[[((   D:8 *   D:12 (**   D:14 :   Orc:1 ?}:   Orc:2 =*[(?   Shoals:3 }***
Shoals:4 :


Innate Abilities, Weirdness & Mutations

You reflexively headbutt those who attack you in melee.
You have a pair of horns on your head.


Message History

The naga warrior barely misses you. The naga warrior constricts you.
Unknown command.
You open the naga warrior like a pillowcase!!!
You burn the naga warrior! You headbutt the naga warrior.
The naga warrior is heavily wounded.
You block the naga warrior's attack. The naga warrior spits poison at you.
The splash of poison misses you. The naga warrior constricts you.
Unknown command.
You barely miss the naga warrior. Your headbutt misses the naga warrior.
The naga warrior is heavily wounded.
The naga warrior hits you with a +0 trident!
* * * LOW HITPOINT WARNING * * *
The naga warrior constricts you. You block the naga warrior's attack.
Unknown command.
You hit the naga warrior. You burn the naga warrior.
You headbutt the naga warrior!
The naga warrior is severely wounded.
The naga warrior hits you with a +0 trident!
You die...

.#####.# #.#....#### #...###
...#...# #.........## #..<#..
...#...###..........#### ##.....
##.....##....#....#....####......
#...#.##.####...#####.#........#
#.#.#....# #...#####......#....
##........# ###............#....
...##.#...# ####...####....##...
...#)...#.# #.N@...####...######
........#.# ##..>N.###...#..##
#.^.....#.###.....####...##..##
#...##...^.......####....###..#
#.............##.###....## ##.##
..#...#.......##...#....# #..#
......#..[.....###.#...## ##(##
.######............#..## #.(. .#
#....##.#.........#########...


You could see 2 naga warriors.

Vanquished Creatures
  Bai Suzhen (Shoals:3)
  Gastronok (Lair:2)
  2 krakens (Shoals:3)
  Agnes (D:15)
  A nagaraja (Snake:3)
  An orc warlord (Orc:1)
  2 fire giants
  2 stone giants (Orc:2)
  The ghost of Thalamas the Severer, a journeyman MiBe of Trog (Lair:5)
  A dire elephant (Lair:4)
  2 minotaurs
  The ghost of Loywebes the Blocker, a journeyman MiFi of Makhleb (Lair:3)
  A death ooze (Gauntlet)
  4 merfolk impalers
  4 merfolk javelineers
  2 blizzard demons (IceCv)
  The ghost of Gunterle the Cleaver, a journeyman FoAK of Lugonu (D:12)
  A yaktaur captain (D:15)
  Erolcha (D:10)
  Fannar (Lair:2)
  8 naga warriors
  Harold (Orc:2)
  3 merfolk avatars
  4 centaur warriors
  5 anacondas
  3 hydras
  A catoblepas (Lair:6)
  3 merfolk aquamancers
  A death knight (D:14)
  2 ogre magi (D:15)
  5 death yaks (Lair:6)
  A deep troll earth mage (D:12)
  5 satyrs
  10 two-headed ogres
  A deep troll shaman (Lair:6)
  9 shock serpents
  A tengu warrior (D:14)
  7 naga sharpshooters
  5 orc high priests
  Nergalle (D:11)
  5 skeletal warriors
  A deep troll (D:15)
  4 unseen horrors
  6 salamander mystics
  4 naga ritualists
  10 sea snakes
  5 orc knights
  23 harpies
  2 phantasmal warriors (D:14)
  9 ugly things
  11 manticores
  7 mana vipers
  3 deep elf magi
  19 fauns
  A moth of wrath (Lair:5)
  8 cyclopes
  3 orc sorcerers
  24 elephants
  10 salamanders
  2 centaur zombies
  Psyche (D:10)
  34 black mambas
  2 guardian serpents
  Maurice (D:10)
  8 merfolk sirens
  2 torpor snails
  An ice statue (IceCv)
  4 water nymphs
  8 naga magi
  A smoke demon (Gauntlet)
  A gargoyle (D:11)
  11 spiny frogs
  A kobold demonologist (D:12)
  2 rime drakes (Lair:5)
  5 komodo dragons
  4 anaconda simulacra (IceCv)
  A tengu conjurer (D:15)
  7 freezing wraiths
  4 ice devils (IceCv)
  2 yaktaurs
  A red devil (Gauntlet)
  An efreet (D:13)
  A meliai (shapeshifter) (D:14)
  2 polar bears (Lair:6)
  4 meliai (Shoals:2)
  12 trolls
  A wolf spider simulacrum (IceCv)
  6 wind drakes
  9 snapping turtles
  28 merfolk
  11 blink frogs
  19 hippogriffs
  Sigmund (D:2)
  12 dream sheep
  A redback (D:12)
  A dire elephant simulacrum (IceCv)
  5 shadows
  5 water elementals
  A spriggan (Lair:4)
  3 wraiths
  3 wyverns
  4 centaur simulacra
  71 yaks
  2 vampires
  Grum (D:10)
  2 basilisks (Lair:1)
  Eustachio (D:6)
  3 hungry ghosts
  7 vampire mosquitoes
  3 wargs
  4 harpy simulacra (IceCv)
  3 acid dragons
  16 nagas
  12 water moccasins
  4 hydra simulacra (IceCv)
  5 porcupines
  5 ice beasts
  40 orc warriors
  2 ettin simulacra (IceCv)
  3 sky beasts
  2 eyes of draining
  4 black bears
  A necrophage (D:11)
  14 centaurs
  12 ogres
  3 phantoms
  26 wolves
  16 crocodiles
  3 big kobolds
  Blork the orc (D:6)
  23 bullfrogs
  A wyvern skeleton (D:10)
  8 scorpions
  An elephant simulacrum (IceCv)
  9 killer bees
  10 wights
  2 electric eels (Snake:1)
  12 howler monkeys
  2 bullfrog zombies (D:6)
  8 crimson imps
  10 jellies
  4 draconian simulacra (IceCv)
  10 hounds
  28 orc wizards
  A quasit (D:11)
  26 orc priests
  3 bullfrog skeletons
  4 centaur skeletons
  Terence (D:3)
  Crazy Yiuf (D:3)
  5 iguanas
  A troll simulacrum (IceCv)
  12 worker ants
  A wolf simulacrum (IceCv)
  3 polar bear simulacra (IceCv)
  A killer bee zombie (D:6)
  2 hound zombies
  A howler monkey zombie (D:6)
  Robin (D:3)
  A gnoll (D:6)
  2 howler monkey skeletons
  18 adders
  5 naga simulacra (IceCv)
  2 ogre simulacra (IceCv)
  3 shadow imps
  3 white imps (IceCv)
  6 ufetubi (IceCv)
  2 oozes
  2 adder zombies
  2 adder skeletons
  4 worms
  2 dart slugs
  5 leopard geckos
  91 orcs
  2 ball pythons
  4 bats
  4 giant cockroaches
  10 hobgoblins
  6 jackals
  18 kobolds
  3 quokkas
  A ball python skeleton (D:6)
  3 frilled lizards
  16 goblins
  A jackal skeleton (D:4)
  2 leopard gecko skeletons
  A leopard gecko zombie (D:7)
  12 rats
  A bush (Shoals:1)
  2 fungi
  11 plants
  3 tentacles (Shoals:3)
  A withered plant (Gauntlet)
1201 creatures vanquished.

Vanquished Creatures (others)
  A deep elf knight (D:13)
  A crimson imp (D:11)
  An orc wizard (Orc:2)
  3 white imps (IceCv)
  3 ufetubi (IceCv)
  An orc (D:11)
  2 bushes
  46 fungi
  59 plants
  7 tentacles (Shoals:3)
  12 withered plants
136 creatures vanquished.

Grand Total: 1337 creatures vanquished

Notes
Turn   | Place    | Note
-------+----------+-------------------------------------------
     0 | D:1      | Peloso the Minotaur Fighter began the quest for the Orb.
     0 | D:1      | Reached XP level 1. HP: 19/19 MP: 0/0
   430 | D:1      | Reached XP level 2. HP: 23/27 MP: 1/1
  1121 | D:2      | Reached skill level 4 in Shields
  1174 | D:2      | Reached XP level 3. HP: 31/33 MP: 2/2
  1406 | D:2      | Noticed Sigmund
  1419 | D:2      | Killed Sigmund
  1419 | D:2      | Reached skill level 5 in Shields
  1419 | D:2      | Reached XP level 4. HP: 39/41 MP: 3/3
  1419 | D:2      | Reached XP level 5. HP: 45/47 MP: 4/4
  1890 | D:3      | Noticed Robin
  1907 | D:3      | Killed Robin
  1938 | D:3      | Found a runed translucent door.
  1939 | D:3      | Noticed Crazy Yiuf
  1987 | D:3      | Noticed Terence
  2011 | D:3      | Killed Terence
  2011 | D:3      | Reached XP level 6. HP: 46/55 MP: 5/5
  2234 | D:3      | Reached skill level 5 in Long Blades
  2572 | D:3      | Paralysed by Crazy Yiuf for 7 turns
  2581 | D:3      | Killed Crazy Yiuf
  2640 | D:4      | Found Qaac's General Store.
  2646 | D:4      | Bought a scroll of blinking for 97 gold pieces
  2673 | D:4      | Found Yphes's Armour Shop.
  2680 | D:4      | Reached skill level 5 in Armour
  2775 | D:4      | Reached skill level 5 in Fighting
  2783 | D:4      | Found Lusu's Weapon Emporium.
  2805 | D:4      | Reached XP level 7. HP: 61/61 MP: 6/6
  2825 | D:4      | Found a staircase to the Ecumenical Temple.
  2831 | D:4      | Reached skill level 6 in Shields
  2837 | Temple   | Entered the Ecumenical Temple
  2926 | Temple   | Became a worshipper of Warmaster Okawaru
  3005 | D:4      | Found Zoynet's Weapon Shoppe.
  3132 | D:4      | Found Qoel's Antique Armour Shop.
  3309 | D:5      | Entered Level 5 of the Dungeon
  3477 | D:5      | Reached * piety under Okawaru
  3547 | D:5      | HP: 1/61 [ogre/+0 giant club (18)]
  3549 | D:5      | Reached XP level 8. HP: 2/68 MP: 7/7
  3755 | D:4      | HP: 3/68 [poisoned by a worker ant]
  3763 | D:4      | HP: 3/68 [poisoned by a worker ant]
  4604 | D:6      | Found a glowing drain.
  4608 | Sewer    | Entered a sewer
  4694 | Sewer    | Reached skill level 7 in Shields
  4716 | Sewer    | Found a white marble altar of Elyvilon.
  4774 | D:6      | Noticed Blork the orc
  4784 | D:6      | Killed Blork the orc
  5010 | D:6      | Reached ** piety under Okawaru
  5141 | D:6      | Reached XP level 9. HP: 36/78 MP: 8/8
  5628 | D:6      | Noticed Eustachio
  5837 | D:6      | Reached skill level 8 in Shields
  6071 | D:7      | Reached skill level 1 in Stealth
  6231 | D:7      | Found a shadowy altar of Dithmenos.
  6466 | D:6      | Killed Eustachio
  7098 | D:8      | Reached *** piety under Okawaru
  7098 | D:8      | Reached skill level 10 in Long Blades
  7394 | D:8      | Reached skill level 1 in Dodging
  7413 | D:8      | Reached skill level 9 in Shields
  7439 | D:8      | Reached **** piety under Okawaru
  7700 | D:8      | Found Ippab's Assorted Antiques.
  7927 | D:8      | Reached XP level 10. HP: 57/86 MP: 6/9
  8607 | D:9      | Found a staircase to the Orcish Mines.
  8875 | D:9      | Found a shimmering altar of Xom.
  9001 | Orc:1    | Entered Level 1 of the Orcish Mines
  9003 | Orc:1    | Found a roughly hewn altar of Beogh.
  9599 | Orc:2    | Entered Level 2 of the Orcish Mines
  9647 | Orc:2    | Found a radiant altar of Vehumet.
  9651 | Orc:2    | Noticed a stone giant
  9707 | D:10     | Entered Level 10 of the Dungeon
  9762 | D:10     | Reached skill level 1 in Invocations
  9863 | D:10     | Reached skill level 10 in Shields
  9879 | D:10     | Noticed Psyche
  9890 | D:10     | Noticed Erolcha
  9895 | D:10     | Paralysed by Erolcha for 7 turns
  9902 | D:10     | HP: 4/90 [something (4)]
 10573 | D:10     | Killed Erolcha
 10573 | D:10     | Reached ***** piety under Okawaru
 10573 | D:10     | Reached XP level 11. HP: 85/97 MP: 7/10
 10591 | D:10     | Killed Psyche
 11091 | D:10     | Noticed Maurice
 11583 | D:4      | Bought the +5 scimitar of Cocytus {slice, *Rage Str+6 Int+4
                  | Stlth-} for 610 gold pieces
 11919 | D:10     | Killed Maurice
 12033 | D:10     | Noticed Grum
 12040 | D:10     | Killed Grum
 12222 | D:11     | Killed an unseen horror
 12222 | D:11     | Received a gift from Okawaru
 12223 | D:11     | Reached skill level 11 in Shields
 12231 | D:11     | Reached skill level 10 in Armour
 12242 | D:11     | Reached skill level 10 in Fighting
 12560 | D:11     | Got ichor-stained quicksilver dragon scales {god gift}
 12581 | D:10     | Identified the quicksilver dragon scales of Inaction {rF+
                  | MR+ MP+9 Stlth+} (Okawaru gifted it to you on level 11 of
                  | the Dungeon)
 12620 | D:11     | Noticed a cyan ugly thing
 12632 | D:11     | Killed a cyan ugly thing
 12822 | D:11     | Found a staircase to the Lair.
 12865 | D:11     | Noticed a cyan ugly thing
 12871 | D:11     | Killed a cyan ugly thing
 12875 | D:11     | Noticed a brown ugly thing
 12881 | D:11     | Killed a brown ugly thing
 12990 | D:11     | Noticed Nergalle
 13003 | D:11     | Killed Nergalle
 13003 | D:11     | Reached XP level 12. HP: 107/107 MP: 12/12
 13420 | D:11     | Identified a scroll of acquirement
 13460 | Lair:1   | Entered Level 1 of the Lair of Beasts
 13469 | Lair:1   | Found a gate leading to a gauntlet.
 13493 | Gauntlet | Entered a Gauntlet
 13493 | Gauntlet | Found a transporter.
 13503 | Gauntlet | Found a transporter.
 13505 | Gauntlet | Found a transporter.
 13507 | Gauntlet | Found a transporter.
 13522 | Gauntlet | Noticed a death ooze
 13527 | Gauntlet | Found a transporter.
 13540 | Gauntlet | Found a transporter.
 13547 | Gauntlet | Found a transporter.
 13616 | Gauntlet | Found a transporter.
 13618 | Gauntlet | Found a transporter.
 13634 | Gauntlet | Found a transporter.
 13650 | Gauntlet | Found a transporter.
 13658 | Gauntlet | Found a transporter.
 13673 | Gauntlet | Found a transporter.
 13693 | Gauntlet | Found a transporter.
 13695 | Gauntlet | Found the +1 cloak of Starlight {rElec rC+ EV+4 Stlth--}
 13705 | Gauntlet | Found a transporter.
 13717 | Gauntlet | Found a transporter.
 13717 | Gauntlet | Noticed a catoblepas
 13729 | Gauntlet | Found a transporter.
 13741 | Gauntlet | Found a transporter.
 14148 | Gauntlet | Killed a death ooze
 14153 | Gauntlet | Got a translucent scimitar
 14154 | Gauntlet | Identified the +7 scimitar "Arbiter" {flame, rC- Str+3}
                  | (You found it in a Gauntlet)
 14220 | Gauntlet | Got a steaming brass ring
 14252 | Gauntlet | Got a shimmering morningstar
 14261 | Gauntlet | Identified the ring of Fedhas's Regard {Wiz Str-5 Dex+3}
                  | (You found it in a Gauntlet)
 14276 | Gauntlet | Noticed a minotaur
 14285 | Gauntlet | Killed a minotaur
 14285 | Gauntlet | Reached skill level 12 in Shields
 14444 | Lair:1   | Reached ****** piety under Okawaru
 14497 | Lair:1   | Received a gift from Okawaru
 14506 | Lair:1   | Got an iridescent scimitar {god gift}
 14507 | Lair:1   | Identified the +2 scimitar of Grace {holy, Int+3} (Okawaru
                  | gifted it to you on level 1 of the Lair of Beasts)
 14724 | Lair:1   | Got a twisted scale mail
 14735 | Lair:1   | Identified the +2 scale mail of Yffeghy {+Blink rPois
                  | Regen+ Int+4} (You found it on level 1 of the Lair of
                  | Beasts)
 15361 | Lair:2   | Reached skill level 1 in Evocations
 15418 | Lair:2   | Noticed Gastronok
 15430 | Lair:2   | Killed Gastronok
 15450 | Lair:2   | Noticed Fannar
 15475 | Lair:1   | Received a gift from Okawaru
 15478 | Lair:1   | Got a crude battleaxe {god gift}
 15710 | Lair:2   | Killed Fannar
 15710 | Lair:2   | Reached XP level 13. HP: 71/117 MP: 11/13
 15842 | Lair:2   | Found a staircase to the Snake Pit.
 15884 | Lair:2   | Got a fine great sword
 16003 | Lair:2   | Reached skill level 15 in Long Blades
 16538 | Orc:2    | Killed a stone giant
 16700 | Orc:2    | Noticed a stone giant
 16834 | Orc:1    | Found Mogi Say's Book Shop.
 16834 | Orc:1    | Noticed Harold
 16846 | Orc:2    | Killed Harold
 16884 | Orc:2    | Killed a stone giant
 16884 | Orc:2    | Received a gift from Okawaru
 16884 | Orc:2    | Reached skill level 5 in Dodging
 16884 | Orc:2    | Reached skill level 13 in Shields
 16907 | Orc:2    | Noticed an orc warlord
 17328 | Orc:1    | Killed an orc warlord
 17857 | Orc:2    | Paralysed by an orc sorcerer for 3 turns
 18052 | Orc:1    | Received a gift from Okawaru
 18878 | D:8      | Identified the +5 chain mail of the Albatross {rC- Dex+7}
 18963 | D:12     | Found a runed translucent door.
 18965 | D:12     | Noticed Gunterle's ghost (journeyman FoAK)
 18979 | D:12     | Noticed a fire giant
 18991 | D:12     | Killed a fire giant
 18992 | D:12     | Identified the cursed ring of Patience {rN+ Str-3}
 18992 | D:12     | Noticed a fire giant
 19029 | D:11     | Killed a fire giant
 19652 | D:12     | Reached skill level 14 in Shields
 20072 | D:12     | Got a translucent brass amulet
 20073 | D:12     | Identified the amulet "Suphunoh" {Faith Str-5 Int+5 SInv}
                  | (You found it on level 12 of the Dungeon)
 20080 | D:12     | Identified the Catalogue of Evil
 20151 | D:12     | Found Igguewki's General Store.
 20154 | D:12     | Reached XP level 14. HP: 128/129 MP: 14/14
 20209 | D:12     | Bought a scroll of teleportation for 36 gold pieces
 20209 | D:12     | Bought a potion of might for 48 gold pieces
 20307 | D:12     | Found Usepu's General Store.
 20315 | D:12     | Bought a scroll of remove curse for 30 gold pieces
 20315 | D:12     | Bought a scroll of identify for 20 gold pieces
 20315 | D:12     | Bought a scroll of blinking for 75 gold pieces
 20406 | D:12     | Found Daudilep's Weapon Shoppe.
 20444 | D:12     | Found the amulet of Vitality {Regen+ HP+15}
 20823 | D:12     | Killed Gunterle's ghost
 21270 | Lair:3   | Found a runed translucent door.
 21306 | Lair:3   | Noticed Loywebes's ghost (journeyman MiFi)
 21316 | Lair:3   | Killed Loywebes's ghost
 22035 | Lair:4   | Received a gift from Okawaru
 22036 | Lair:4   | Found a staircase to the Shoals.
 22243 | Lair:4   | Reached skill level 15 in Shields
 22862 | Lair:4   | Received a gift from Okawaru
 23116 | Lair:5   | Noticed Thalamas's ghost (journeyman MiBe)
 23370 | Lair:5   | Found a transporter.
 23805 | Lair:5   | Found a transporter.
 23816 | Lair:5   | Killed Thalamas's ghost
 23833 | Lair:5   | Got a pitted steel ring
 23835 | Lair:5   | Identified the ring of Wodoukh {*Tele rPois MR- Str+3} (You
                  | found it on level 5 of the Lair of Beasts)
 24043 | Lair:5   | Found a viscous altar of Jiyva.
 24049 | Lair:5   | Found a staircase to the Slime Pits.
 24318 | Lair:1   | Identified the +6 great sword "Ehojozett" {venom, rN+++}
                  | (You found it on level 2 of the Lair of Beasts)
 24655 | D:8      | Bought a brightly glowing plate armour for 896 gold pieces
 24668 | D:8      | Identified the +6 plate armour of Boggasm {*Drain rF+
                  | Int+4} (You bought it in a shop on level 8 of the Dungeon)
 24833 | Orc:2    | Found a staircase to the Elven Halls.
 24833 | Orc:2    | Found Imenk's Magic Scroll Shoppe.
 24842 | Orc:2    | Bought a scroll of fear for 49 gold pieces
 24842 | Orc:2    | Bought a scroll of identify for 28 gold pieces
 25366 | Orc:2    | Reached XP level 15. HP: 137/139 MP: 15/15
 25768 | Orc:2    | Reached skill level 16 in Shields
 25814 | Orc:2    | Found Sosmul's Antique Armour Emporium.
 25815 | Orc:2    | Found Umim's Antique Weapon Shoppe.
 25817 | Orc:2    | Found Aluicant's General Store.
 25817 | Orc:2    | Found Tighylu's Jewellery Emporium.
 26213 | Orc:1    | Found Reatar's Magic Scroll Emporium.
 26233 | Orc:1    | Found Zucol Rowy's Gadget Boutique.
 26241 | Orc:1    | You are sucked into a shaft!
 26332 | Orc:1    | Bought a scroll of magic mapping for 56 gold pieces
 26336 | Orc:1    | Bought a scroll of identify for 32 gold pieces
 26336 | Orc:1    | Bought a scroll of identify for 32 gold pieces
 26722 | D:13     | Received a gift from Okawaru
 27087 | D:13     | You are sucked into a shaft!
 27132 | D:14     | Received a gift from Okawaru
 27271 | D:14     | Reached skill level 15 in Fighting
 27650 | D:13     | Found a gate to the Vaults.
 27789 | D:13     | Received a gift from Okawaru
 28111 | D:14     | Found a blossoming altar of Fedhas.
 28618 | D:14     | Found Foepimo's Book Shop.
 28638 | D:15     | Entered Level 15 of the Dungeon
 28695 | D:15     | Reached skill level 17 in Shields
 28921 | D:15     | Noticed Agnes
 28930 | D:15     | Killed Agnes
 29020 | D:15     | Received a gift from Okawaru
 29058 | D:15     | Found a staircase to the Depths.
 29094 | D:15     | Found a shattered altar of Ashenzari.
 29633 | Lair:6   | Entered Level 6 of the Lair of Beasts
 29690 | Lair:6   | Reached XP level 16. HP: 147/151 MP: 16/16
 29714 | Lair:6   | Received a gift from Okawaru
 30759 | Shoals:1 | Entered Level 1 of the Shoals
 31991 | Shoals:2 | Reached skill level 18 in Shields
 32010 | Shoals:2 | Found a frozen archway.
 32047 | IceCv    | Entered an ice cave
 32812 | IceCv    | Received a gift from Okawaru
 33802 | Orc:2    | Bought the amulet of Zegeeh {Faith rPois rC+} for 756 gold
                  | pieces
 33808 | Orc:2    | Bought a cursed amulet of inaccuracy for 26 gold pieces
 34021 | Snake:1  | Entered Level 1 of the Snake Pit
 34546 | Snake:1  | Found an ancient bone altar of Kikubaaqudgha.
 35280 | Snake:2  | Reached skill level 15 in Armour
 35691 | Snake:2  | Reached XP level 17. HP: 106/160 MP: 18/18
 36391 | Snake:2  | Reached skill level 19 in Shields
 36770 | Snake:2  | Received a gift from Okawaru
 36785 | Snake:2  | Identified a +2 pair of boots of running (Okawaru gifted it
                  | to you on level 2 of the Snake Pit)
 37939 | Shoals:2 | Identified the +9 fustibalus "Sucly" {velocity, *Contam
                  | Int+6}
 38317 | Shoals:2 | Found a hide-covered altar of Uskayaw.
 38815 | Shoals:3 | Found Geytikyugu's Assorted Antiques.
 38815 | Shoals:3 | Found Gitocaw's Assorted Antiques.
 38820 | Shoals:3 | Found Upapleon's Gadget Boutique.
 38836 | Shoals:3 | Bought a blue potion for 30 gold pieces
 38852 | Shoals:3 | Noticed Bai Suzhen
 38878 | Shoals:3 | Killed Bai Suzhen
 38878 | Shoals:3 | Received a gift from Okawaru
 38904 | Shoals:3 | Reached skill level 20 in Shields
 39243 | Shoals:3 | Found Heimev's Assorted Antiques.
 39353 | Shoals:3 | Noticed a kraken
 39367 | Shoals:3 | Killed a kraken
 39754 | Shoals:3 | Noticed a kraken
 39762 | Shoals:3 | Killed a kraken
 40103 | Shoals:4 | Entered Level 4 of the Shoals
 40210 | Shoals:4 | Found Ecran's Book Emporium.
 40225 | Shoals:4 | HP: 4/163 [faun/+0 spear[a satyr] (10)]
 40804 | Shoals:3 | Received a gift from Okawaru
 41715 | Shoals:4 | Reached XP level 18. HP: 147/171 MP: 19/19
 42746 | Shoals:4 | Got a barnacled rune of Zot
 43538 | Snake:3  | Reached skill level 21 in Shields
 44542 | Snake:3  | Received a gift from Okawaru
 45029 | Snake:4  | Entered Level 4 of the Snake Pit
 45059 | Snake:3  | Slain by a naga warrior

Skill      XL: |  1  2  3  4  5  6  7  8  9 10 11 12 13 14 15 16 17 18 |
---------------+-------------------------------------------------------+-----
Fighting       | 4 5 6 7 9 10 11 13 14 15 16 17 18 | 18.3
Armour         | 4 5 7 8 9 10 11 12 13 14 15 16 | 16.5
Shields        | 4 5 6 7 9 10 11 12 14 15 17 18 20 21 | 21.2
Long Blades    | 4 5 7 9 10 12 13 14 15 16 17 18 19 | 19.0
Stealth        | 2 3 4 |  4.5
Dodging        | 1 2 3 4 5 6 7 |  7.2
Invocations    | 1 2 |  2.9
Evocations     | 1 |  1.9

Action                   |  1- 3 |  4- 6 |  7- 9 | 10-12 | 13-15 | 16-18 || total
-------------------------+-------+-------+-------+-------+-------+-------++-------
Melee: Long sword        |    84 |   133 |   455 |   366 |       |       ||  1038
       Headbutt          |     8 |    24 |    94 |   164 |   381 |   486 ||  1157
       Scimitar          |       |       |       |   303 |  1220 |  1476 ||  2999
Invok: Heroism           |       |       |     3 |     9 |     9 |     7 ||    28
       Finesse           |       |       |       |       |     1 |       ||     1
Evoke: Wand              |       |       |     4 |    12 |       |     6 ||    22
  Use: Potion            |     1 |       |     1 |     3 |       |    13 ||    18
       Scroll            |       |     2 |     6 |     8 |    10 |     9 ||    35
 Stab: Paralysed         |       |       |     3 |     2 |       |       ||     5
       Petrified         |       |       |       |       |       |     5 ||     5
  Eat: Chunk             |     2 |     4 |    13 |    17 |    38 |    33 ||   107
       Ration            |       |       |     1 |     3 |     2 |     5 ||    11
Armor: Plate armour      |    62 |    78 |   167 |       |   238 |   548 ||  1093
       Scale mail        |     1 |       |       |       |       |       ||     1
       Chain mail        |       |       |    40 |   233 |   195 |       ||   468
       Quicksilver drago |       |       |       |    63 |       |       ||    63
       Gold dragon scale |       |       |       |       |       |   187 ||   187
Dodge: Dodged            |    14 |    27 |    80 |   186 |   403 |   586 ||  1296
Block: Shield            |    50 |    68 |   222 |   407 |   970 |  1367 ||  3084
       Rpst.: Long sword |     6 |     4 |    19 |    22 |       |       ||    51
       Scimitar          |       |       |       |    21 |    98 |    96 ||   215
